 Dungeon Crawl Stone Soup version 0.17.1-2-g5865329 (webtiles) character file.

398 Miyamura the Shield-Bearer (level 7, 0/55 HPs)
             Began as a Formicid Fighter on Jan 23, 2016.
             Slain by a slave (3 damage)
             ... led by Pikel
             ... on level 4 of the Dungeon.
             The game lasted 00:09:18 (4015 turns).

Miyamura the Shield-Bearer (Formicid Fighter)       Turns: 4015, Time: 00:09:18

Health: 0/55       AC:  2    Str: 21      XL:     7   Next: 10%
Magic:  7/7        EV:  8    Int:  9      God:
Gold:   153        SH:  9    Dex:  6 (10) Spells: 0 memorised, 6 levels left

rFire  . . .     SeeInvis +     a - +0 war axe
rCold  . . .     Clarity  .     b - +0 scale mail
rNeg   . . .     SustAt   .     c - +0 shield
rPois  .         Gourm    .     (helmet unavailable)
rElec  .         Spirit   .     (no cloak)
rCorr  .         Warding  .     (no gloves)
rMut   +         Stasis   +     (no boots)
MR     .....                    f - amulet of resist mutation
Stlth  ..........               (no ring)
                                o - ring of wizardry

@: corroded equipment, heavily drained, not resistant to hostile enchantments,
extremely unstealthy
A: permanent stasis, dig shafts and tunnels, four strong arms, antennae 3
a: Dig, Shaft Self


You were on level 4 of the Dungeon.
You were very hungry.

You visited 1 branch of the dungeon, and saw 5 of its levels.

You collected 153 gold pieces.

Inventory:

Hand Weapons
 a - a +0 war axe (weapon)
Missiles
 s - 27 poisoned needles
Armour
 b - a +0 scale mail (worn)
 c - a +0 shield (worn)
Jewellery
 f - an amulet of resist mutation (around neck)
 o - a ring of wizardry (left hand)
Scrolls
 r - a scroll of magic mapping
Potions
 m - 2 potions of cancellation
 p - 2 potions of flight
Comestibles
 e - 3 bread rations
 k - 2 beef jerkies
 l - 3 meat rations
 t - a slice of pizza


   Skills:
 + Level 4.5(3.1) Fighting
 + Level 3.4(2.0) Axes
 + Level 4.7(3.3) Armour
 + Level 2.7(1.5) Dodging
 + Level 5.0(3.6) Shields


You had 6 spell levels left.
You didn't know any spells.

Dungeon Overview and Level Annotations

Branches:
Dungeon (5/15)
 Temple: D:4-7

Altars:
Sif Muna
Yredelemnul

Annotations:
D:4 Edmund
D:5 Pikel


Innate Abilities, Weirdness & Mutations

You are under a permanent stasis effect.
You can dig through walls and to a lower floor.
Your four strong arms can wield two-handed weapons with a shield.
You have a pair of large antennae on your head (SInv).


Message History

Unknown command.
You are too injured to fight recklessly!
Unknown command.
You are too injured to fight recklessly!
Unknown command.
You are too injured to fight recklessly!
Read which item? (? for menu, Esc to quit)
Okay, then.
Drink which item? (? for menu, Esc to quit)
Okay, then.
You block the slave's attack. The jelly hits you.
* * * LOW HITPOINT WARNING * * *
You are splashed with acid!
The acid burns!
* * * LOW HITPOINT WARNING * * *
You climb upwards.
Level annotation: Edmund You block the orc's attack.
The giant cockroach bites you.
* * * LOW HITPOINT WARNING * * *
The slave hits you.
You die...

#.......##..##...........###..#
#.......###.##................#
#.......# #.##................#
######### #..#..............###
##.#.####..?....#.# # ###@..#
#....####.# # #.....# #....#
#.# # #.##po#######.# #.# # ###
#.#.J@p.# #.# #.# #
#.####.#.s.#######.####.###
#....#.#.#.#...).[.........
#.##.#.#.#.#.#####.####.###
#.##<#.#...................
#......#...###.##...##..###
#..###.#...###.##...##...# #..#
#.###..##.###..#.#..#
######'####.(.......#.#..#


You could see Edmund, 2 slaves, a jelly, an orc and a giant cockroach.

Vanquished Creatures
  A scorpion (D:4)
  3 orc wizards
  An orc priest (D:4)
  2 worker ants (D:4)
  6 adders
  4 gnolls (D:2)
  An ooze (D:3)
  A worm (D:2)
  3 giant geckos
  9 orcs
  9 bats
  5 giant cockroaches
  9 goblins
  8 hobgoblins
  6 jackals
  5 kobolds
  4 quokkas
  3 ball pythons
  A giant gecko skeleton (D:4)
  4 giant newts (D:1)
  14 rats
  A spectral orc (D:4)
100 creatures vanquished.

Vanquished Creatures (others)
  An orc (D:4)
1 creature vanquished.

Grand Total: 101 creatures vanquished

Notes
Turn   | Place    | Note
--------------------------------------------------------------
     0 | D:1      | Miyamura the Formicid Fighter began the quest for the Orb.
     0 | D:1      | Reached XP level 1. HP: 18/18 MP: 1/1
    69 | D:1      | Reached XP level 2. HP: 20/24 MP: 2/2
   235 | D:1      | Reached skill level 1 in Dodging
   530 | D:1      | Reached XP level 3. HP: 29/29 MP: 3/3
   983 | D:2      | Found a faded altar to an unknown god.
  1056 | D:2      | Reached XP level 4. HP: 32/36 MP: 4/4
  1296 | D:2      | Reached skill level 4 in Armour
  1418 | D:2      | Reached XP level 5. HP: 37/41 MP: 5/5
  2340 | D:4      | Reached XP level 6. HP: 28/48 MP: 6/6
  2974 | D:4      | Got a warped spear
  2975 | D:4      | Identified the +0 spear of the Original Sin {freeze, SInv} (You found it on level 4 of the Dungeon)
  3005 | D:4      | Found a basalt altar of Yredelemnul.
  3264 | D:4      | Found a deep blue altar of Sif Muna.
  3540 | D:4      | Noticed an orc warrior
  3574 | D:2      | You fall through a shaft!
  3841 | D:3      | Reached skill level 5 in Shields
  3841 | D:3      | Reached XP level 7. HP: 55/55 MP: 7/7
  3925 | D:5      | Entered Level 5 of the Dungeon
  3925 | D:5      | Noticed Pikel
  3925 | D:5      | Noticed Edmund
  4015 | D:4      | Slain by a slave

Action                   |  1- 3 |  4- 6 |  7- 9 || total
-------------------------+-------+-------+-------++-------
Melee: War axe           |   117 |   268 |    19 ||   404
 Abil: Shaft Self        |       |     1 |       ||     1
  Use: Potion            |     2 |     6 |     2 ||    10
       Scroll            |       |    10 |       ||    10
  Eat: Chunk             |       |     9 |     1 ||    10
